Sarnia Sailors vs Havana Tropicals
Created - Wednesday, April 19, 2023 at 07:08
Goals
|
| Sarnia Sailors |
0 |
1 |
0 |
1 |
| Havana Tropicals |
0 |
2 |
1 |
3 |
|
Shots
|
| Sarnia Sailors |
8 |
14 |
6 |
28 |
| Havana Tropicals |
17 |
9 |
18 |
44 |
|
1st period
No Goal
Penalties :
Darren Raddysh (HAV) for Holding (Minor) at 3:39
2nd period
1. Havana Tropicals , Teddy Blueger 19 (Zach Aston-Reese 25, Pierre-Edouard Bellemare 23) at 0:51
2. Havana Tropicals , Teddy Blueger 20 (Pierre-Edouard Bellemare 24, Robert Bortuzzo 9) at 12:07
3. Sarnia Sailors , Aleksi Heponiemi 5 (Dominic Turgeon 3) at 17:05
Penalties :
Dylan McLaughlin (SAR) for Hooking (Minor) at 7:09, Adam Erne (SAR) for Holding (Minor) at 14:10, Nolan Foote (HAV) for Roughing (Minor) at 19:29
3rd period
4. Havana Tropicals , Milan Lucic 3 (Chris Tierney 19, Philipp Kurashev 10) at 19:34 (PP)
Penalties :
Lucas Elvenes (HAV) for Fighting (Major) at 1:44, Dominic Turgeon (SAR) for Fighting (Major) at 1:44, Connor Carrick (SAR) for Holding (Minor) at 2:49, Keegan Kolesar (SAR) for Hooking (Minor) at 9:08, David Warsofsky (SAR) for Unsportsmanlike conduct (Minor) at 12:38, Philipp Kurashev (HAV) for Tripping (Minor) at 15:13, Sammy Blais (HAV) for Fighting (Major) at 17:43, Dominic Turgeon (SAR) for Fighting (Major) at 17:43, Dylan McLaughlin (SAR) for Tripping (Minor) at 18:44, Dean Kukan (HAV) for Holding (Minor) at 19:44
Goalie Stats
Laurent Brossoit (SAR), 41 saves from 44 shots - (0.932), L, 9-12-1, 60:00 minutes
Eric Comrie (HAV), 27 saves from 28 shots - (0.964), W, 13-7-2, 60:00 minutes
Players Stats for Sarnia Sailors
Player Name G A P +/- PIM S H SB GA TA FO MP PP MP PK MP
------------------------------------------------------------------------------------
Adam Erne 0 0 0 -1 2 4 1 2 0 0 0/1 15:41 1:54 0:00
Aleksi Heponiemi 1 0 1 0 0 5 1 0 0 0 0/2 11:23 0:20 1:52
Alex Vlasic 0 0 0 0 0 1 1 2 0 0 0/0 29:21 4:12 6:40
Chris Wideman 0 0 0 0 0 0 1 1 0 1 0/0 10:02 2:00 0:00
Connor Carrick 0 0 0 0 2 2 2 0 0 1 0/0 18:10 0:00 5:08
David Warsofsky 0 0 0 -1 2 0 0 0 0 1 0/0 10:33 0:00 0:00
Dominic Toninato 0 0 0 0 0 1 1 1 1 1 9/30 22:16 3:58 5:56
Dominic Turgeon 0 1 1 0 10 1 1 0 0 1 1/3 8:46 0:00 0:57
Dylan McLaughlin 0 0 0 -1 4 0 0 1 0 0 3/10 17:33 1:54 1:38
Jack Rathbone 0 0 0 0 0 2 0 1 0 0 0/0 21:25 2:00 3:38
Josh Dickinson 0 0 0 0 0 1 0 0 1 0 3/7 14:10 1:54 2:56
Keegan Kolesar 0 0 0 0 2 1 1 1 1 1 0/1 21:50 3:58 5:16
Michael Dal Colle 0 0 0 -1 0 3 2 1 0 0 1/2 16:46 0:20 2:55
Mitchell Vande Sompel 0 0 0 -1 0 0 0 1 0 1 0/0 10:49 0:00 0:27
Rob Hamilton 0 0 0 0 0 0 1 1 0 0 0/0 18:29 0:00 5:10
Seth Barton 0 0 0 0 0 1 0 2 0 0 0/0 13:51 0:00 0:27
Vasily Podkolzin 0 0 0 0 0 3 1 0 1 0 3/5 16:21 4:18 0:00
Yannick Weber 0 0 0 0 0 3 0 0 1 0 0/0 11:41 4:12 0:00
Players Stats for Havana Tropicals
Player Name G A P +/- PIM S H SB GA TA FO MP PP MP PK MP
------------------------------------------------------------------------------------
Chris Tierney 0 1 1 -1 0 6 0 1 3 1 7/9 17:42 4:29 1:33
Darren Raddysh 0 0 0 0 2 1 1 1 0 0 0/0 10:34 0:00 0:00
Dean Kukan 0 0 0 -1 2 3 1 1 0 0 0/0 20:16 3:49 2:49
Dennis Cholowski 0 0 0 0 0 1 0 0 0 0 0/0 10:33 0:00 0:00
Emil Bemstrom 0 0 0 0 0 4 2 0 1 0 2/2 10:39 0:09 0:00
Henrik Borgstrom 0 0 0 0 0 3 0 0 0 0 0/3 7:42 0:09 0:17
Lucas Elvenes 0 0 0 0 5 1 1 0 0 0 0/0 6:40 0:00 0:00
Milan Lucic 1 0 1 -1 0 4 2 0 0 0 0/0 16:07 4:29 0:00
Nolan Foote 0 0 0 0 2 1 0 1 0 1 0/0 7:17 0:00 0:00
Pavel Dorofeyev 0 0 0 0 0 0 1 0 0 0 0/0 11:34 0:00 1:02
Philipp Kurashev 0 1 1 0 2 1 1 0 0 1 9/13 11:46 0:19 0:00
Pierre-Edouard Bellemare 0 2 2 2 0 2 1 0 1 0 4/4 23:26 6:07 3:44
Robert Bortuzzo 0 1 1 2 0 2 2 0 1 0 0/0 29:10 6:56 3:23
Sammy Blais 0 0 0 -1 5 3 1 0 0 0 0/0 15:42 4:19 0:00
Teddy Blueger 2 0 2 2 0 7 0 0 0 0 18/28 23:20 6:07 3:38
Timothy Liljegren 0 0 0 -1 0 0 1 0 1 0 0/0 20:17 3:49 2:49
Tucker Poolman 0 0 0 2 0 3 1 3 0 2 0/0 29:10 6:56 3:23
Zach Aston-Reese 0 1 1 2 0 2 0 0 0 0 1/2 21:47 6:07 2:10
3 Stars
1 - Teddy Blueger (HAV)
2 - Eric Comrie (HAV)
3 - Pierre-Edouard Bellemare (HAV)
Power Play
Sarnia Sailors - 0 on 4 Attempt(s) - 0.00%
Havana Tropicals - 1 on 6 Attempt(s) - 16.67%
Penalty Kill
Sarnia Sailors - 5 on 6 Attempt(s) - 83.33%
- Score 0 goal in Penalty Kill
Havana Tropicals - 4 on 4 Attempt(s) - 100.00%
- Score 0 goal in Penalty Kill
Team Stat
Sarnia Sailors - Hits : 13 - Faceoff Wins : 20 - Blocked Shots : 14 - Penalty Minutes : 22
Havana Tropicals - Hits : 15 - Faceoff Wins : 41 - Blocked Shots : 7 - Penalty Minutes : 18
Official
Referees : Kevin Pollock and Tom Chmielewski
Linesman : Derek Amell and Mark Shewchyk
Game Notes
Lucas Elvenes beats up Dominic Turgeon at 1:44 of 3rd period
Sammy Blais beats up Dominic Turgeon at 17:43 of 3rd period
Sarnia Sailors
5 vs 5 Forward
Center Left Wing Right Wing Time % Phy DF OF
1 Dominic Toninato Keegan Kolesar Vasily Podkolzin 40 1 2 2
2 Dylan McLaughlin Adam Erne Michael Dal Colle 30 1 2 2
3 Dominic Turgeon Aleksi Heponiemi Connor Carrick 20 1 2 2
4 Josh Dickinson Chris Wideman Yannick Weber 10 1 2 2
5 vs 5 Defense
Defense Defense Time % Phy DF OF
1 Alex Vlasic Jack Rathbone 40 1 2 2
2 Rob Hamilton Seth Barton 30 1 2 2
3 Mitchell Vande Sompel David Warsofsky 20 1 2 2
4 Connor Carrick Alex Vlasic 10 1 2 2
PowerPlay Forward
Center Left Wing Right Wing Time % Phy DF OF
1 Dominic Toninato Keegan Kolesar Vasily Podkolzin 60 1 2 2
2 Dylan McLaughlin Adam Erne Josh Dickinson 40 1 2 2
PowerPlay Defense
Defense Defense Time % Phy DF OF
1 Alex Vlasic Yannick Weber 60 1 2 2
2 Jack Rathbone Chris Wideman 40 1 2 2
Penalty Kill 4 Players Forward
Center Wing Time % Phy DF OF
1 Dominic Toninato Keegan Kolesar 60 1 2 2
2 Dylan McLaughlin Michael Dal Colle 40 1 2 2
Penalty Kill 4 Players Defense
Defense Defense Time % Phy DF OF
1 Alex Vlasic Connor Carrick 60 1 2 2
2 Jack Rathbone Rob Hamilton 40 1 2 2
Penalty Kill - 3 Players Forward
Forward Time % Phy DF OF
1 Dominic Toninato 60 1 2 2
2 Dylan McLaughlin 40 1 2 2
Penalty Kill - 3 Players Defense
Defense Defense Time % Phy DF OF
1 Alex Vlasic Connor Carrick 60 1 2 2
2 Jack Rathbone Rob Hamilton 40 1 2 2
4 vs 4 Forward
Center Wing Time % Phy DF OF
1 Keegan Kolesar Vasily Podkolzin 60 1 2 2
2 Dominic Turgeon Michael Dal Colle 40 1 2 2
4 vs 4 Defense
Defense Defense Time % Phy DF OF
1 Alex Vlasic Jack Rathbone 60 1 2 2
2 Connor Carrick Yannick Weber 40 1 2 2
Last Minutes Offensive
Center Left Wing Right Wing Defense Defense
Dominic Toninato Keegan Kolesar Vasily Podkolzin Alex Vlasic Jack Rathbone
Last Minutes Defensive
Center Left Wing Right Wing Defense Defense
Dylan McLaughlin Keegan Kolesar Dominic Toninato Alex Vlasic Connor Carrick
Goaltenders
Starting : Laurent Brossoit
Backup : Matt Tomkins
Extra Forwards
Normal : Josh Dickinson, Adam Erne, Aleksi Heponiemi - PP : Josh Dickinson, Aleksi Heponiemi - PK : Josh Dickinson
Extra Defensemen
Normal : Rob Hamilton, Seth Barton, Jack Rathbone - PP : David Warsofsky - PK : Rob Hamilton, Seth Barton
Penalty Shots
Keegan Kolesar, Vasily Podkolzin, Dominic Toninato, Aleksi Heponiemi, Michael Dal Colle
Havana Tropicals
5 vs 5 Forward
Center Left Wing Right Wing Time % Phy DF OF
1 Teddy Blueger Pierre-Edouard Bellemare Zach Aston-Reese 40 1 2 2
2 Chris Tierney Milan Lucic Sammy Blais 30 1 2 2
3 Philipp Kurashev Emil Bemstrom Pavel Dorofeyev 20 1 2 2
4 Henrik Borgstrom Nolan Foote Lucas Elvenes 10 1 2 2
5 vs 5 Defense
Defense Defense Time % Phy DF OF
1 Robert Bortuzzo Tucker Poolman 40 1 2 2
2 Dean Kukan Timothy Liljegren 30 1 2 2
3 Dennis Cholowski Darren Raddysh 20 1 2 2
4 Robert Bortuzzo Tucker Poolman 10 1 2 2
PowerPlay Forward
Center Left Wing Right Wing Time % Phy DF OF
1 Teddy Blueger Pierre-Edouard Bellemare Zach Aston-Reese 60 1 2 2
2 Chris Tierney Milan Lucic Sammy Blais 40 1 2 2
PowerPlay Defense
Defense Defense Time % Phy DF OF
1 Robert Bortuzzo Tucker Poolman 60 1 2 2
2 Dean Kukan Timothy Liljegren 40 1 2 2
Penalty Kill 4 Players Forward
Center Wing Time % Phy DF OF
1 Teddy Blueger Pierre-Edouard Bellemare 60 1 2 2
2 Chris Tierney Zach Aston-Reese 40 1 2 2
Penalty Kill 4 Players Defense
Defense Defense Time % Phy DF OF
1 Robert Bortuzzo Tucker Poolman 60 1 2 2
2 Dean Kukan Timothy Liljegren 40 1 2 2
Penalty Kill - 3 Players Forward
Forward Time % Phy DF OF
1 Teddy Blueger 60 1 2 2
2 Pierre-Edouard Bellemare 40 1 2 2
Penalty Kill - 3 Players Defense
Defense Defense Time % Phy DF OF
1 Robert Bortuzzo Tucker Poolman 60 1 2 2
2 Dean Kukan Timothy Liljegren 40 1 2 2
4 vs 4 Forward
Center Wing Time % Phy DF OF
1 Teddy Blueger Pierre-Edouard Bellemare 60 1 2 2
2 Chris Tierney Zach Aston-Reese 40 1 2 2
4 vs 4 Defense
Defense Defense Time % Phy DF OF
1 Robert Bortuzzo Tucker Poolman 60 1 2 2
2 Dean Kukan Timothy Liljegren 40 1 2 2
Last Minutes Offensive
Center Left Wing Right Wing Defense Defense
Teddy Blueger Pierre-Edouard Bellemare Zach Aston-Reese Robert Bortuzzo Tucker Poolman
Last Minutes Defensive
Center Left Wing Right Wing Defense Defense
Teddy Blueger Pierre-Edouard Bellemare Zach Aston-Reese Robert Bortuzzo Tucker Poolman
Goaltenders
Starting : Eric Comrie
Backup : Arvid Soderblom
Extra Forwards
Normal : Philipp Kurashev, Emil Bemstrom, Pavel Dorofeyev - PP : Philipp Kurashev, Emil Bemstrom - PK : Pavel Dorofeyev
Extra Defensemen
Normal : Dennis Cholowski, Darren Raddysh, Dean Kukan - PP : Dennis Cholowski - PK : Darren Raddysh, Dean Kukan
Penalty Shots
Teddy Blueger, Pierre-Edouard Bellemare, Chris Tierney, Zach Aston-Reese, Milan Lucic
% Time on Ice - Sarnia Sailors
Lines # - Real PCT - Wanted PCT - Time Play
Normal Forward
1 - 29% - 40% - 12:37
2 - 32% - 30% - 13:48
3 - 21% - 20% - 9:11
4 - 17% - 10% - 7:27
Normal Defense
1 - 37% - 40% - 15:56
2 - 32% - 30% - 13:54
3 - 24% - 20% - 10:20
4 - 7% - 10% - 2:53
PP Forward
1 - 69% - 60% - 4:18
2 - 31% - 40% - 1:54
PP Defense
1 - 68% - 60% - 4:12
2 - 32% - 40% - 2:00
PK Forward
1 - 76% - 60% - 8:13
2 - 24% - 40% - 2:32
PK Defense
1 - 66% - 60% - 7:07
2 - 34% - 40% - 3:38
PK3 Forward
1 - 0% - 60%
2 - 0% - 40%
PK3 Defense
1 - 0% - 60%
2 - 0% - 40%
44 Forward
1 - 0% - 60%
2 - 0% - 40%
44 Defense
1 - 0% - 60%
2 - 0% - 40%
Last Minute Offensive - 0:00
Last Minute Defensive - 0:00
Total
Forward - 60:00
Defense - 60:00
|
% Time on Ice - Havana Tropicals
Lines # - Real PCT - Wanted PCT - Time Play
Normal Forward
1 - 32% - 40% - 13:39
2 - 27% - 30% - 11:40
3 - 24% - 20% - 10:29
4 - 17% - 10% - 7:15
Normal Defense
1 - 39% - 40% - 16:48
2 - 32% - 30% - 13:39
3 - 25% - 20% - 10:33
4 - 5% - 10% - 2:03
PP Forward
1 - 58% - 60% - 6:16
2 - 42% - 40% - 4:29
PP Defense
1 - 64% - 60% - 6:56
2 - 36% - 40% - 3:49
PK Forward
1 - 75% - 60% - 4:39
2 - 25% - 40% - 1:33
PK Defense
1 - 55% - 60% - 3:23
2 - 45% - 40% - 2:49
PK3 Forward
1 - 0% - 60%
2 - 0% - 40%
PK3 Defense
1 - 0% - 60%
2 - 0% - 40%
44 Forward
1 - 0% - 60%
2 - 0% - 40%
44 Defense
1 - 0% - 60%
2 - 0% - 40%
Last Minute Offensive - 0:00
Last Minute Defensive - 0:00
Total
Forward - 60:00
Defense - 60:00
|
Play-by-Play
1st period
0:01 of 1st period - Dominic Toninato wins face-off versus Teddy Blueger in neutral zone.
0:32 of 1st period - Snap shot by Chris Tierney.
0:32 of 1st period - Stopped by Laurent Brossoit without a rebound.
0:33 of 1st period - Philipp Kurashev wins face-off versus Michael Dal Colle in Sarnia Sailors zone.
0:34 of 1st period - Wrist shot by Emil Bemstrom.
0:34 of 1st period - Deflect By Pavel Dorofeyev.
0:34 of 1st period - Shot Misses the Net.
0:34 of 1st period - Puck is out of play.
0:35 of 1st period - Philipp Kurashev wins face-off versus Dominic Turgeon in Sarnia Sailors zone.
1:22 of 1st period - Snap shot by Milan Lucic.
1:22 of 1st period - Stopped by Laurent Brossoit with a rebound.
1:30 of 1st period - Snap shot by Teddy Blueger.
1:30 of 1st period - Stopped by Laurent Brossoit without a rebound.
1:31 of 1st period - Dominic Toninato wins face-off versus Henrik Borgstrom in Sarnia Sailors zone.
1:36 of 1st period - Nolan Foote is hit by Keegan Kolesar and loses puck.
1:57 of 1st period - Pierre-Edouard Bellemare is hit by Connor Carrick and loses puck.
2:44 of 1st period - Wrist shot by Vasily Podkolzin.
2:44 of 1st period - Stopped by Eric Comrie with a rebound.
3:39 of 1st period - Minor Penalty to Darren Raddysh for Holding.
3:40 of 1st period - Pierre-Edouard Bellemare wins face-off versus Dominic Toninato in Havana Tropicals zone.
3:49 of 1st period - Wrist shot by Pierre-Edouard Bellemare.
3:49 of 1st period - Stopped by Laurent Brossoit without a rebound.
3:50 of 1st period - Teddy Blueger wins face-off versus Dominic Toninato in Sarnia Sailors zone.
5:39 of 1st period - Penalty to Darren Raddysh is over, Darren Raddysh is back on ice.
5:40 of 1st period - Icing by Chris Wideman.
5:41 of 1st period - Philipp Kurashev wins face-off versus Dylan McLaughlin in Sarnia Sailors zone.
6:10 of 1st period - Slapshot by Chris Wideman.
6:10 of 1st period - Shot Misses the Net.
7:19 of 1st period - Snap shot by Chris Tierney.
7:19 of 1st period - Shot Misses the Net.
10:13 of 1st period - Michael Dal Colle is hit by Milan Lucic and loses puck.
10:56 of 1st period - Josh Dickinson is hit by Philipp Kurashev.
11:11 of 1st period - Adam Erne is hit by Milan Lucic.
11:35 of 1st period - Dominic Turgeon is hit by Pavel Dorofeyev and loses puck.
12:43 of 1st period - Snap shot by Adam Erne.
12:43 of 1st period - Stopped by Eric Comrie without a rebound.
12:44 of 1st period - Chris Tierney wins face-off versus Dominic Toninato in Havana Tropicals zone.
12:44 of 1st period - Chris Tierney is hit by Rob Hamilton.
12:53 of 1st period - Off-side.
12:54 of 1st period - Chris Tierney wins face-off versus Dominic Toninato in neutral zone.
13:20 of 1st period - Wrist shot by Chris Tierney.
13:20 of 1st period - Shot Misses the Net.
13:22 of 1st period - Slapshot by Sammy Blais.
13:22 of 1st period - Stopped by Laurent Brossoit with a rebound.
13:24 of 1st period - Wrist shot by Chris Tierney.
13:24 of 1st period - Deflect By Rob Hamilton.
13:24 of 1st period - Stopped by Laurent Brossoit with a rebound.
13:26 of 1st period - Snap shot by Robert Bortuzzo.
13:26 of 1st period - Stopped by Laurent Brossoit with a rebound.
13:50 of 1st period - Wrist shot by Sammy Blais.
13:50 of 1st period - Shot Misses the Net.
13:52 of 1st period - Slapshot by Tucker Poolman.
13:52 of 1st period - Deflect By Milan Lucic.
13:52 of 1st period - Stopped by Laurent Brossoit with a rebound.
13:54 of 1st period - Slapshot by Tucker Poolman.
13:54 of 1st period - Deflect By Dominic Toninato.
13:54 of 1st period - Stopped by Laurent Brossoit without a rebound.
13:55 of 1st period - Teddy Blueger wins face-off versus Dylan McLaughlin in Sarnia Sailors zone.
14:29 of 1st period - Slapshot by Emil Bemstrom.
14:29 of 1st period - Stopped by Laurent Brossoit without a rebound.
14:30 of 1st period - Teddy Blueger wins face-off versus Dylan McLaughlin in Sarnia Sailors zone.
14:43 of 1st period - Snap shot by Zach Aston-Reese.
14:43 of 1st period - Stopped by Laurent Brossoit with a rebound.
15:02 of 1st period - Slapshot by Pavel Dorofeyev.
15:02 of 1st period - Shot Misses the Net.
15:04 of 1st period - Snap shot by Tucker Poolman.
15:04 of 1st period - Shot Misses the Net.
15:06 of 1st period - Slapshot by Emil Bemstrom.
15:06 of 1st period - Shot Blocked by Mitchell Vande Sompel.
15:20 of 1st period - Wrist shot by Yannick Weber.
15:20 of 1st period - Stopped by Eric Comrie with a rebound.
15:22 of 1st period - Snap shot by Josh Dickinson.
15:22 of 1st period - Shot Hit the Post.
16:53 of 1st period - Snap shot by Sammy Blais.
16:53 of 1st period - Shot Misses the Net.
16:55 of 1st period - Wrist shot by Chris Tierney.
16:55 of 1st period - Stopped by Laurent Brossoit with a rebound.
17:09 of 1st period - Backhand shot by Chris Tierney.
17:09 of 1st period - Stopped by Laurent Brossoit with a rebound.
17:11 of 1st period - Slapshot by Chris Tierney.
17:11 of 1st period - Shot Misses the Net.
17:13 of 1st period - Snap shot by Chris Tierney.
17:13 of 1st period - Shot Blocked by Adam Erne.
17:15 of 1st period - Slapshot by Timothy Liljegren.
17:15 of 1st period - Shot Blocked by Adam Erne.
17:23 of 1st period - Snap shot by Sammy Blais.
17:23 of 1st period - Shot Blocked by Alex Vlasic.
17:25 of 1st period - Backhand shot by Milan Lucic.
17:25 of 1st period - Stopped by Laurent Brossoit without a rebound.
17:26 of 1st period - Teddy Blueger wins face-off versus Dominic Toninato in Sarnia Sailors zone.
17:48 of 1st period - Icing by Rob Hamilton.
17:49 of 1st period - Emil Bemstrom wins face-off versus Dominic Toninato in Sarnia Sailors zone.
18:01 of 1st period - Off-side.
18:02 of 1st period - Teddy Blueger wins face-off versus Aleksi Heponiemi in neutral zone.
18:10 of 1st period - Snap shot by Aleksi Heponiemi.
18:10 of 1st period - Shot Misses the Net.
18:12 of 1st period - Wrist shot by Dominic Turgeon.
18:12 of 1st period - Shot Misses the Net.
18:14 of 1st period - Slapshot by Aleksi Heponiemi.
18:14 of 1st period - Shot Misses the Net.
18:16 of 1st period - Snap shot by Connor Carrick.
18:16 of 1st period - Stopped by Eric Comrie with a rebound.
18:33 of 1st period - Snap shot by Yannick Weber.
18:33 of 1st period - Stopped by Eric Comrie without a rebound.
18:34 of 1st period - Josh Dickinson wins face-off versus Philipp Kurashev in Havana Tropicals zone.
18:51 of 1st period - Slapshot by Yannick Weber.
18:51 of 1st period - Stopped by Eric Comrie with a rebound.
19:11 of 1st period - Snap shot by Henrik Borgstrom.
19:11 of 1st period - Stopped by Laurent Brossoit without a rebound.
19:12 of 1st period - Teddy Blueger wins face-off versus Dominic Toninato in Sarnia Sailors zone.
19:45 of 1st period - Snap shot by Aleksi Heponiemi.
19:45 of 1st period - Stopped by Eric Comrie with a rebound.
19:47 of 1st period - Backhand shot by Connor Carrick.
19:47 of 1st period - Stopped by Eric Comrie without a rebound.
19:48 of 1st period - Philipp Kurashev wins face-off versus Dominic Toninato in Havana Tropicals zone.
19:53 of 1st period - Slapshot by Emil Bemstrom.
19:53 of 1st period - Stopped by Laurent Brossoit without a rebound.
19:54 of 1st period - Philipp Kurashev wins face-off versus Dominic Toninato in Sarnia Sailors zone.
19:55 of 1st period - Snap shot by Emil Bemstrom.
19:55 of 1st period - Stopped by Laurent Brossoit with a rebound.
19:57 of 1st period - Slapshot by Timothy Liljegren.
19:57 of 1st period - Shot Blocked by Keegan Kolesar.
Goals for this period are 0 for Sarnia Sailors vs 0 for Havana Tropicals.
Shots for this period are 8 for Sarnia Sailors vs 17 for Havana Tropicals.
2nd period
0:01 of 2nd period - Dominic Toninato wins face-off versus Teddy Blueger in neutral zone.
0:51 of 2nd period - Snap shot by Teddy Blueger.
0:51 of 2nd period - Goal by Teddy Blueger - Sarnia Sailors : 0 - Havana Tropicals : 1.
0:52 of 2nd period - Vasily Podkolzin wins face-off versus Chris Tierney in neutral zone.
1:22 of 2nd period - Robert Bortuzzo is hit by Michael Dal Colle and loses puck.
1:45 of 2nd period - Snap shot by Aleksi Heponiemi.
1:45 of 2nd period - Shot Blocked by Nolan Foote.
2:01 of 2nd period - Slapshot by Keegan Kolesar.
2:01 of 2nd period - Shot Blocked by Tucker Poolman.
2:05 of 2nd period - Snap shot by Vasily Podkolzin.
2:05 of 2nd period - Stopped by Eric Comrie with a rebound.
2:07 of 2nd period - Wrist shot by Seth Barton.
2:07 of 2nd period - Stopped by Eric Comrie with a rebound.
2:21 of 2nd period - Snap shot by Pierre-Edouard Bellemare.
2:21 of 2nd period - Shot Misses the Net.
2:27 of 2nd period - Snap shot by Josh Dickinson.
2:27 of 2nd period - Stopped by Eric Comrie with a rebound.
2:43 of 2nd period - Snap shot by Chris Tierney.
2:43 of 2nd period - Shot Blocked by Michael Dal Colle.
2:45 of 2nd period - Slapshot by Tucker Poolman.
2:45 of 2nd period - Shot Misses the Net.
2:47 of 2nd period - Slapshot by Tucker Poolman.
2:47 of 2nd period - Stopped by Laurent Brossoit without a rebound.
2:48 of 2nd period - Dominic Toninato wins face-off versus Philipp Kurashev in Sarnia Sailors zone.
2:48 of 2nd period - Dominic Toninato is hit by Emil Bemstrom.
3:00 of 2nd period - Slapshot by Dean Kukan.
3:00 of 2nd period - Stopped by Laurent Brossoit with a rebound.
3:20 of 2nd period - Wrist shot by Adam Erne.
3:20 of 2nd period - Stopped by Eric Comrie without a rebound.
3:21 of 2nd period - Dylan McLaughlin wins face-off versus Teddy Blueger in Havana Tropicals zone.
3:32 of 2nd period - Alex Vlasic is hit by Darren Raddysh and loses puck.
4:21 of 2nd period - Slapshot by Timothy Liljegren.
4:21 of 2nd period - Shot Blocked by Dominic Toninato.
6:01 of 2nd period - Snap shot by Chris Wideman.
6:01 of 2nd period - Deflect By Chris Tierney.
6:01 of 2nd period - Shot Blocked by Darren Raddysh.
6:01 of 2nd period - Puck is out of play.
6:02 of 2nd period - Teddy Blueger wins face-off versus Josh Dickinson in Havana Tropicals zone.
6:02 of 2nd period - Teddy Blueger is hit by Chris Wideman.
6:14 of 2nd period - Snap shot by Pierre-Edouard Bellemare.
6:14 of 2nd period - Stopped by Laurent Brossoit with a rebound.
6:16 of 2nd period - Backhand shot by Pierre-Edouard Bellemare.
6:16 of 2nd period - Shot Blocked by Chris Wideman.
6:18 of 2nd period - Slapshot by Zach Aston-Reese.
6:18 of 2nd period - Shot Misses the Net.
6:28 of 2nd period - Wrist shot by Chris Tierney.
6:28 of 2nd period - Stopped by Laurent Brossoit without a rebound.
6:29 of 2nd period - Chris Tierney wins face-off versus Dominic Toninato in Sarnia Sailors zone.
6:37 of 2nd period - Wrist shot by Vasily Podkolzin.
6:37 of 2nd period - Shot Hit the Post.
6:39 of 2nd period - Wrist shot by Vasily Podkolzin.
6:39 of 2nd period - Shot Misses the Net.
6:41 of 2nd period - Snap shot by Seth Barton.
6:41 of 2nd period - Shot Blocked by Chris Tierney.
6:43 of 2nd period - Snap shot by Dominic Toninato.
6:43 of 2nd period - Shot Misses the Net.
7:07 of 2nd period - Snap shot by Pierre-Edouard Bellemare.
7:07 of 2nd period - Shot Misses the Net.
7:09 of 2nd period - Minor Penalty to Dylan McLaughlin for Hooking.
7:10 of 2nd period - Teddy Blueger wins face-off versus Dominic Toninato in Sarnia Sailors zone.
9:09 of 2nd period - Penalty to Dylan McLaughlin is over, Dylan McLaughlin is back on ice.
9:15 of 2nd period - Wrist shot by Nolan Foote.
9:15 of 2nd period - Shot Blocked by Jack Rathbone.
9:17 of 2nd period - Slapshot by Dennis Cholowski.
9:17 of 2nd period - Shot Blocked by Rob Hamilton.
9:23 of 2nd period - Wrist shot by Henrik Borgstrom.
9:23 of 2nd period - Stopped by Laurent Brossoit without a rebound.
9:24 of 2nd period - Philipp Kurashev wins face-off versus Dylan McLaughlin in Sarnia Sailors zone.
9:25 of 2nd period - Snap shot by Emil Bemstrom.
9:25 of 2nd period - Shot Misses the Net.
9:27 of 2nd period - Slapshot by Darren Raddysh.
9:27 of 2nd period - Shot Blocked by Dylan McLaughlin.
9:29 of 2nd period - Slapshot by Dennis Cholowski.
9:29 of 2nd period - Stopped by Laurent Brossoit with a rebound.
9:31 of 2nd period - Wrist shot by Emil Bemstrom.
9:31 of 2nd period - Shot Misses the Net.
10:25 of 2nd period - Snap shot by Sammy Blais.
10:25 of 2nd period - Shot Misses the Net.
11:00 of 2nd period - Tucker Poolman is hit by Dominic Turgeon and loses puck.
11:30 of 2nd period - Robert Bortuzzo is hit by Dominic Toninato and loses puck.
12:07 of 2nd period - Snap shot by Teddy Blueger.
12:07 of 2nd period - Goal by Teddy Blueger - Sarnia Sailors : 0 - Havana Tropicals : 2.
12:08 of 2nd period - Vasily Podkolzin wins face-off versus Zach Aston-Reese in neutral zone.
12:13 of 2nd period - Slapshot by Vasily Podkolzin.
12:13 of 2nd period - Shot Blocked by Dean Kukan.
12:15 of 2nd period - Snap shot by Dominic Toninato.
12:15 of 2nd period - Stopped by Eric Comrie with a rebound.
12:24 of 2nd period - Off-side.
12:25 of 2nd period - Michael Dal Colle wins face-off versus Chris Tierney in neutral zone.
12:37 of 2nd period - Snap shot by Adam Erne.
12:37 of 2nd period - Shot Misses the Net.
12:51 of 2nd period - Pierre-Edouard Bellemare is hit by Vasily Podkolzin and loses puck.
13:10 of 2nd period - Dominic Toninato is hit by Lucas Elvenes and loses puck.
13:23 of 2nd period - Snap shot by Vasily Podkolzin.
13:23 of 2nd period - Stopped by Eric Comrie with a rebound.
13:25 of 2nd period - Slapshot by Jack Rathbone.
13:25 of 2nd period - Stopped by Eric Comrie with a rebound.
13:27 of 2nd period - Slapshot by Jack Rathbone.
13:27 of 2nd period - Stopped by Eric Comrie with a rebound.
13:29 of 2nd period - Slapshot by Alex Vlasic.
13:29 of 2nd period - Stopped by Eric Comrie without a rebound.
13:30 of 2nd period - Dylan McLaughlin wins face-off versus Teddy Blueger in Havana Tropicals zone.
13:39 of 2nd period - Wrist shot by Michael Dal Colle.
13:39 of 2nd period - Stopped by Eric Comrie without a rebound.
13:40 of 2nd period - Teddy Blueger wins face-off versus Adam Erne in Havana Tropicals zone.
13:49 of 2nd period - Seth Barton is hit by Timothy Liljegren and loses puck.
13:58 of 2nd period - Dean Kukan is hit by Adam Erne and loses puck.
14:10 of 2nd period - Minor Penalty to Adam Erne for Holding.
14:11 of 2nd period - Chris Tierney wins face-off versus Keegan Kolesar in Sarnia Sailors zone.
14:23 of 2nd period - Snap shot by Sammy Blais.
14:23 of 2nd period - Stopped by Laurent Brossoit without a rebound.
14:24 of 2nd period - Teddy Blueger wins face-off versus Dominic Toninato in Sarnia Sailors zone.
14:34 of 2nd period - Off-side.
14:35 of 2nd period - Teddy Blueger wins face-off versus Dominic Toninato in neutral zone.
16:10 of 2nd period - Penalty to Adam Erne is over, Adam Erne is back on ice.
16:29 of 2nd period - David Warsofsky is hit by Emil Bemstrom and loses puck.
16:47 of 2nd period - Wrist shot by Adam Erne.
16:47 of 2nd period - Stopped by Eric Comrie with a rebound.
16:49 of 2nd period - Snap shot by Adam Erne.
16:49 of 2nd period - Shot Misses the Net.
16:51 of 2nd period - Slapshot by Michael Dal Colle.
16:51 of 2nd period - Stopped by Eric Comrie with a rebound.
17:05 of 2nd period - Snap shot by Aleksi Heponiemi.
17:05 of 2nd period - Goal by Aleksi Heponiemi - Sarnia Sailors : 1 - Havana Tropicals : 2.
17:06 of 2nd period - Dominic Toninato wins face-off versus Teddy Blueger in neutral zone.
17:09 of 2nd period - Snap shot by Keegan Kolesar.
17:09 of 2nd period - Shot Blocked by Tucker Poolman.
17:31 of 2nd period - Robert Bortuzzo is hit by Alex Vlasic and loses puck.
17:49 of 2nd period - Off-side.
17:50 of 2nd period - Dylan McLaughlin wins face-off versus Philipp Kurashev in neutral zone.
17:53 of 2nd period - Wrist shot by Adam Erne.
17:53 of 2nd period - Stopped by Eric Comrie without a rebound.
17:54 of 2nd period - Philipp Kurashev wins face-off versus Dylan McLaughlin in Havana Tropicals zone.
17:59 of 2nd period - Seth Barton is hit by Tucker Poolman and loses puck.
18:30 of 2nd period - Rob Hamilton is hit by Robert Bortuzzo and loses puck.
19:19 of 2nd period - Jack Rathbone is hit by Dean Kukan and loses puck.
19:29 of 2nd period - Minor Penalty to Nolan Foote for Roughing.
19:30 of 2nd period - Dominic Toninato wins face-off versus Teddy Blueger in Havana Tropicals zone.
Goals for this period are 1 for Sarnia Sailors vs 2 for Havana Tropicals.
Shots for this period are 14 for Sarnia Sailors vs 9 for Havana Tropicals.
3rd period
0:01 of 3rd period - Teddy Blueger wins face-off versus Vasily Podkolzin in neutral zone.
0:06 of 3rd period - Slapshot by Pierre-Edouard Bellemare.
0:06 of 3rd period - Shot Misses the Net.
1:18 of 3rd period - Dylan McLaughlin is hit by Robert Bortuzzo and loses puck.
1:29 of 3rd period - Penalty to Nolan Foote is over, Nolan Foote is back on ice.
1:37 of 3rd period - Wrist shot by Lucas Elvenes.
1:37 of 3rd period - Stopped by Laurent Brossoit with a rebound.
1:39 of 3rd period - Slapshot by Tucker Poolman.
1:39 of 3rd period - Stopped by Laurent Brossoit without a rebound.
1:40 of 3rd period - Dominic Turgeon wins face-off versus Henrik Borgstrom in Sarnia Sailors zone.
1:44 of 3rd period - Lucas Elvenes beats up Dominic Turgeon.
1:44 of 3rd period - Penalty to Lucas Elvenes for Fighting.
1:44 of 3rd period - Penalty to Dominic Turgeon for Fighting.
1:45 of 3rd period - Vasily Podkolzin wins face-off versus Teddy Blueger in neutral zone.
2:35 of 3rd period - Snap shot by Tucker Poolman.
2:35 of 3rd period - Shot Blocked by Seth Barton.
2:37 of 3rd period - Wrist shot by Pavel Dorofeyev.
2:37 of 3rd period - Shot Misses the Net.
2:39 of 3rd period - Slapshot by Robert Bortuzzo.
2:39 of 3rd period - Shot Blocked by Seth Barton.
2:41 of 3rd period - Slapshot by Emil Bemstrom.
2:41 of 3rd period - Stopped by Laurent Brossoit with a rebound.
2:43 of 3rd period - Wrist shot by Pavel Dorofeyev.
2:43 of 3rd period - Shot Misses the Net.
2:49 of 3rd period - Minor Penalty to Connor Carrick for Holding.
2:50 of 3rd period - Teddy Blueger wins face-off versus Dominic Toninato in Sarnia Sailors zone.
2:58 of 3rd period - Snap shot by Teddy Blueger.
2:58 of 3rd period - Stopped by Laurent Brossoit without a rebound.
2:59 of 3rd period - Pierre-Edouard Bellemare wins face-off versus Dominic Toninato in Sarnia Sailors zone.
3:08 of 3rd period - Slapshot by Teddy Blueger.
3:08 of 3rd period - Stopped by Laurent Brossoit with a rebound.
3:10 of 3rd period - Wrist shot by Dean Kukan.
3:10 of 3rd period - Stopped by Laurent Brossoit without a rebound.
3:11 of 3rd period - Zach Aston-Reese wins face-off versus Dominic Toninato in Sarnia Sailors zone.
3:44 of 3rd period - Snap shot by Sammy Blais.
3:44 of 3rd period - Stopped by Laurent Brossoit without a rebound.
3:45 of 3rd period - Pierre-Edouard Bellemare wins face-off versus Dylan McLaughlin in Sarnia Sailors zone.
4:12 of 3rd period - Slapshot by Milan Lucic.
4:12 of 3rd period - Shot Misses the Net.
4:14 of 3rd period - Slapshot by Robert Bortuzzo.
4:14 of 3rd period - Stopped by Laurent Brossoit with a rebound.
4:49 of 3rd period - Penalty to Connor Carrick is over, Connor Carrick is back on ice.
5:00 of 3rd period - Dean Kukan is hit by Aleksi Heponiemi and loses puck.
5:19 of 3rd period - Henrik Borgstrom is hit by Michael Dal Colle and loses puck.
5:38 of 3rd period - Snap shot by Chris Tierney.
5:38 of 3rd period - Stopped by Laurent Brossoit without a rebound.
5:39 of 3rd period - Chris Tierney wins face-off versus Josh Dickinson in Sarnia Sailors zone.
5:48 of 3rd period - Wrist shot by Sammy Blais.
5:48 of 3rd period - Shot Misses the Net.
7:34 of 3rd period - Off-side.
7:35 of 3rd period - Dominic Toninato wins face-off versus Henrik Borgstrom in neutral zone.
8:00 of 3rd period - Wrist shot by Keegan Kolesar.
8:00 of 3rd period - Stopped by Eric Comrie with a rebound.
8:02 of 3rd period - Slapshot by Michael Dal Colle.
8:02 of 3rd period - Stopped by Eric Comrie with a rebound.
8:04 of 3rd period - Wrist shot by Adam Erne.
8:04 of 3rd period - Shot Misses the Net.
8:06 of 3rd period - Wrist shot by Dylan McLaughlin.
8:06 of 3rd period - Shot Misses the Net.
8:47 of 3rd period - Snap shot by Aleksi Heponiemi.
8:47 of 3rd period - Shot Hit the Post.
8:49 of 3rd period - Wrist shot by Aleksi Heponiemi.
8:49 of 3rd period - Stopped by Eric Comrie with a rebound.
8:51 of 3rd period - Slapshot by Aleksi Heponiemi.
8:51 of 3rd period - Stopped by Eric Comrie without a rebound.
8:52 of 3rd period - Dominic Toninato wins face-off versus Teddy Blueger in Havana Tropicals zone.
9:08 of 3rd period - Minor Penalty to Keegan Kolesar for Hooking.
9:09 of 3rd period - Teddy Blueger wins face-off versus Dominic Toninato in Sarnia Sailors zone.
9:11 of 3rd period - Slapshot by Teddy Blueger.
9:11 of 3rd period - Stopped by Laurent Brossoit with a rebound.
10:04 of 3rd period - Rob Hamilton is hit by Pierre-Edouard Bellemare and loses puck.
10:32 of 3rd period - Icing by Teddy Blueger.
10:33 of 3rd period - Josh Dickinson wins face-off versus Teddy Blueger in Havana Tropicals zone.
10:36 of 3rd period - Slapshot by Connor Carrick.
10:36 of 3rd period - Shot Blocked by Tucker Poolman.
11:08 of 3rd period - Penalty to Keegan Kolesar is over, Keegan Kolesar is back on ice.
11:16 of 3rd period - Snap shot by Philipp Kurashev.
11:16 of 3rd period - Shot Blocked by Alex Vlasic.
11:18 of 3rd period - Backhand shot by Philipp Kurashev.
11:18 of 3rd period - Stopped by Laurent Brossoit with a rebound.
11:20 of 3rd period - Snap shot by Dean Kukan.
11:20 of 3rd period - Stopped by Laurent Brossoit with a rebound.
11:43 of 3rd period - Off-side.
11:44 of 3rd period - Chris Tierney wins face-off versus Vasily Podkolzin in neutral zone.
12:27 of 3rd period - Wrist shot by Pierre-Edouard Bellemare.
12:27 of 3rd period - Shot Misses the Net.
12:29 of 3rd period - Slapshot by Darren Raddysh.
12:29 of 3rd period - Stopped by Laurent Brossoit with a rebound.
12:31 of 3rd period - Snap shot by Teddy Blueger.
12:31 of 3rd period - Deflect By David Warsofsky.
12:31 of 3rd period - Stopped by Laurent Brossoit with a rebound.
12:33 of 3rd period - Slapshot by Zach Aston-Reese.
12:33 of 3rd period - Stopped by Laurent Brossoit without a rebound.
12:34 of 3rd period - Teddy Blueger wins face-off versus Dominic Toninato in Sarnia Sailors zone.
12:38 of 3rd period - Minor Penalty to David Warsofsky for Unsportsmanlike conduct.
12:39 of 3rd period - Dominic Toninato wins face-off versus Teddy Blueger in Sarnia Sailors zone.
14:06 of 3rd period - Jack Rathbone is hit by Sammy Blais and loses puck.
14:38 of 3rd period - Penalty to David Warsofsky is over, David Warsofsky is back on ice.
14:49 of 3rd period - Wrist shot by Henrik Borgstrom.
14:49 of 3rd period - Stopped by Laurent Brossoit with a rebound.
14:51 of 3rd period - Wrist shot by Nolan Foote.
14:51 of 3rd period - Stopped by Laurent Brossoit without a rebound.
14:52 of 3rd period - Philipp Kurashev wins face-off versus Dylan McLaughlin in Sarnia Sailors zone.
15:13 of 3rd period - Minor Penalty to Philipp Kurashev for Tripping.
15:14 of 3rd period - Teddy Blueger wins face-off versus Dominic Toninato in Havana Tropicals zone.
16:58 of 3rd period - Snap shot by Pavel Dorofeyev.
16:58 of 3rd period - Shot Misses the Net.
17:05 of 3rd period - Icing by Vasily Podkolzin.
17:06 of 3rd period - Teddy Blueger wins face-off versus Aleksi Heponiemi in Sarnia Sailors zone.
17:13 of 3rd period - Penalty to Philipp Kurashev is over, Philipp Kurashev is back on ice.
17:37 of 3rd period - Wrist shot by Aleksi Heponiemi.
17:37 of 3rd period - Stopped by Eric Comrie with a rebound.
17:39 of 3rd period - Wrist shot by Dominic Turgeon.
17:39 of 3rd period - Stopped by Eric Comrie without a rebound.
17:40 of 3rd period - Chris Tierney wins face-off versus Dominic Turgeon in Havana Tropicals zone.
17:40 of 3rd period - Chris Tierney is hit by Connor Carrick.
17:43 of 3rd period - Sammy Blais beats up Dominic Turgeon.
17:43 of 3rd period - Penalty to Sammy Blais for Fighting.
17:43 of 3rd period - Penalty to Dominic Turgeon for Fighting.
17:44 of 3rd period - Emil Bemstrom wins face-off versus Josh Dickinson in neutral zone.
17:49 of 3rd period - Snap shot by Philipp Kurashev.
17:49 of 3rd period - Deflect By Emil Bemstrom.
17:49 of 3rd period - Shot Misses the Net.
17:49 of 3rd period - Puck is out of play.
17:50 of 3rd period - Philipp Kurashev wins face-off versus Josh Dickinson in Sarnia Sailors zone.
18:44 of 3rd period - Minor Penalty to Dylan McLaughlin for Tripping.
18:45 of 3rd period - Pierre-Edouard Bellemare wins face-off versus Dominic Toninato in Sarnia Sailors zone.
19:32 of 3rd period - Snap shot by Chris Tierney.
19:32 of 3rd period - Shot Misses the Net.
19:34 of 3rd period - Wrist shot by Milan Lucic.
19:34 of 3rd period - Goal by Milan Lucic - Sarnia Sailors : 1 - Havana Tropicals : 3.
19:35 of 3rd period - Josh Dickinson wins face-off versus Philipp Kurashev in neutral zone.
19:42 of 3rd period - Wrist shot by Connor Carrick.
19:42 of 3rd period - Shot Misses the Net.
19:44 of 3rd period - Minor Penalty to Dean Kukan for Holding.
19:45 of 3rd period - Teddy Blueger wins face-off versus Dominic Toninato in Havana Tropicals zone.
Goals for this period are 0 for Sarnia Sailors vs 1 for Havana Tropicals.
Shots for this period are 6 for Sarnia Sailors vs 18 for Havana Tropicals.
Back to the Top